 Dungeon Crawl Stone Soup version 0.20.1-1-g8b1a95d (webtiles) character file.

6995 McKennaii the Martial Artist (level 11, -7/64 HPs)
             Began as an Octopode Transmuter on Aug 11, 2017.
             Was a Believer of Cheibriados.
             Mangled by a fire crab (shapeshifter) (13 damage)
             ... on level 9 of the Dungeon.
             The game lasted 00:27:14 (10837 turns).

McKennaii the Martial Artist (Octopode Transmuter) Turns: 10837, Time: 00:27:15

Health: -7/64      AC:  1    Str: 15    XL:     11   Next: 8%
Magic:  12/17      EV: 20    Int: 26    God:    Cheibriados [**....]
Gold:   266        SH:  0    Dex: 18    Spells: 8/19 levels left

rFire    . . .     SeeInvis .     - Unarmed
rCold    . . .     Gourm    .   (shield currently unavailable)
rNeg     . . .     Faith    .   (helmet restricted)
rPois    .         Spirit   .   e - amulet of regeneration
rElec    .         Reflect  .   k - +4 ring of evasion
rCorr    .         Harm     .   C - ring of flight
MR       .....                  (no ring)
Stlth    ++++++....             (no ring)
Regen    0.6/turn               (no ring)
MPRegen  0.2/turn               (no ring)
                                (no ring)
                                (no ring)

@: blade tentacles, very slow
A: almost no armour, stealthy swim, amphibious, 8 rings, constrict 8, camouflage
1, gelatinous body 1
a: End Transformation, Bend Time, Renounce Religion, Evoke Flight


You were on level 9 of the Dungeon.
You worshipped Cheibriados.
Cheibriados was pleased with you.
You were not hungry.
You had blades for tentacles.
You visited 2 branches of the dungeon, and saw 10 of its levels.

You collected 362 gold pieces.
You spent 96 gold pieces at shops.

Inventory:

Missiles
 a - 111 arrows
Magical Staves
 B - an uncursed staff of cold
 D - an uncursed staff of summoning
Jewellery
 e - an amulet of regeneration (around mantle)
 k - a +4 ring of evasion (left scythe-like blade)
 C - a ring of flight (right scythe-like blade)
Wands
 g - a wand of flame (33/48)
 q - a wand of lightning (7/15)
Scrolls
 d - 6 scrolls of identify
 j - a scroll of enchant weapon
 l - 3 scrolls of magic mapping {unknown}
 m - 2 scrolls of remove curse
 n - 2 scrolls of immolation {unknown}
 o - 2 scrolls of noise {unknown}
 r - 5 scrolls of teleportation
 s - 2 scrolls of amnesia {unknown}
 w - a scroll of fear {unknown}
 y - 2 scrolls of recharging {unknown}
Potions
 i - 2 potions of flight
 p - a potion of brilliance
 t - 2 potions of degeneration {unknown}
 v - 2 potions of agility
 x - 2 potions of magic {unknown}
 z - a potion of lignification {unknown}
Books
 b - a book of Changes

   Spells                             Type                      Level
   a - Beastly Appendage              Transmutation                1
   b - Sticks to Snakes               Transmutation                2
   c - Spider Form                    Transmutation/Poison         3
   d - Ice Form                       Ice/Transmutation            4
   e - Blade Hands                    Transmutation                5
 h - a book of Flames

   Spells                             Type                      Level
   a - Flame Tongue                   Conjuration/Fire             1
   b - Throw Flame                    Conjuration/Fire             2
   c - Conjure Flame                  Conjuration/Fire             3
   d - Inner Flame                    Hexes/Fire                   3
   e - Sticky Flame                   Conjuration/Fire             4
   f - Fireball                       Conjuration/Fire             5
Comestibles
 c - 4 bread rations
 f - 2 royal jellies
 u - 26 fruits
 A - 2 meat rations


   Skills:
 + Level 2.2 Fighting
 + Level 4.6 Dodging
 * Level 9.8 Stealth
 * Level 11.7 Unarmed Combat
 + Level 4.5 Spellcasting
 * Level 7.1 Transmutations
 + Level 2.4 Poison Magic


You had 8 spell levels left.
You knew the following spells:

 Your Spells              Type           Power        Failure   Level  Hunger
a - Beastly Appendage     Tmut           #####.       11%         1    None
b - Sticks to Snakes      Tmut           #####...     13%         2    None
c - Spider Form           Tmut/Pois      ####......   26%         3    ##.....
d - Blade Hands           Tmut           #####.....   50%         5    #####..


Dungeon Overview and Level Annotations

Branches:
Dungeon (9/15)             Temple (1/1) D:5
   Lair: D:8-11         Orc: D:9-12

Altars:
Ashenzari
Cheibriados
Dithmenos
Elyvilon
Fedhas
Gozag
Hepliaklqana
Kikubaaqudgha
Makhleb
Nemelex Xobeh
Okawaru
Qazlal
Ru
Sif Muna
Trog
Uskayaw
Vehumet
Xom
Yredelemnul
Zin
The Shining One

Shops:
D:4 *

Annotations:
D:7 Gargoyl's ghost, novice MiAK


Innate Abilities, Weirdness & Mutations

You cannot wear most types of armour.
You are very stealthy in the water. (Stealth+)
You are amphibious.
You can wear up to eight rings at the same time.
You can use your tentacles to constrict eight enemies at once.
Your skin changes colour to match your surroundings (Stealth+).
Your rubbery body absorbs attacks. (AC +1, EV +1)


Message History

Deactivating autopickup; reactivate with Ctrl-A.
Something hits you! Something barely misses you. Something closely misses you.
You tentacle-slap something but do no damage.
Something hits you! x2
You miss something. Something closely misses you.
Casting: Blade Hands
Confirm with . or Enter, or press ? or * to list all spells.
Your tentacles turn into razor-sharp scythe blades.
Something closely misses you.
You swing at nothing.
Something completely misses you.
You swing at nothing.
A fire crab appears out of thin air!
Reactivating autopickup.
Okay, then.
The fire crab bites you!
You are engulfed in flames!
* * * LOW HITPOINT WARNING * * *
The fire crab claws you.
* * * LOW HITPOINT WARNING * * *
You are engulfed in flames!
You die...

### .)# ###
######## ).#
#.....#####.#
######....#.#
#..t#####.#
####@.# #.# .
#.### #.# .
##.####.# .
#......# ...
######.# ...
#.# ... #.#
... #.# ...#
#.#


You could see a fire crab.

Vanquished Creatures
  Erica (D:8)
  2 two-headed ogres
  Joseph (D:8)
  A troll (D:9)
  A hornet (D:7)
  Prince Ribbit (D:8)
  A hippogriff (D:8)
  The ghost of McKennaii the Insei, an amateur OpTm (D:4)
  A wyvern (D:8)
  Menkaure (D:6)
  Edmund (D:6)
  A hungry ghost (D:7)
  A water moccasin (D:8)
  An ice beast (D:7)
  3 sky beasts
  3 black bears
  A necrophage (D:8)
  2 phantoms
  2 ogres
  2 orc warriors
  2 centaurs
  2 big kobolds
  6 bullfrogs
  A gnoll sergeant (D:6)
  3 wyvern skeletons
  A scorpion (D:8)
  5 wights (D:8)
  2 howler monkeys
  3 crimson imps
  A centaur zombie (D:5)
  4 hounds
  2 jellies
  3 orc wizards
  2 iguanas
  Ijyb (D:3)
  8 worker ants
  A hound zombie (D:9)
  2 hound skeletons
  A howler monkey zombie (D:8)
  8 adders
  9 gnolls
  2 shadow imps
  An ooze (D:3)
  An adder skeleton (D:4)
  3 adder zombies
  6 worms
  2 dart slugs (D:1)
  6 leopard geckos
  13 orcs
  9 bats
  6 giant cockroaches
  4 goblins
  8 hobgoblins
  8 jackals
  7 quokkas
  A ball python (D:5)
  4 frilled lizards
  15 kobolds
  A leopard gecko skeleton (D:3)
  A quokka skeleton (D:6)
  10 rats
203 creatures vanquished.

Vanquished Creatures (collateral kills)
  An orc wizard (D:6)
  An iguana (D:6)
  2 gnolls (D:6)
  A leopard gecko (D:6)
5 creatures vanquished.

Vanquished Creatures (others)
  A plant (D:8)
1 creature vanquished.

Grand Total: 209 creatures vanquished

Notes
Turn   | Place    | Note
-------+----------+-------------------------------------------
     0 | D:1      | McKennaii the Octopode Transmuter began the quest for the Orb.
     0 | D:1      | Reached XP level 1. HP: 13/13 MP: 3/3
   385 | D:1      | Reached XP level 2. HP: 12/18 MP: 5/5
   714 | D:1      | Reached XP level 3. HP: 13/23 MP: 6/6
   718 | D:1      | Learned a level 2 spell: Sticks to Snakes
   722 | D:1      | Learned a level 3 spell: Spider Form
   804 | D:1      | Reached skill level 1 in Stealth
  1057 | D:2      | Found a faded altar of an unknown god.
  1432 | D:2      | Reached skill level 4 in Unarmed Combat
  1612 | D:2      | Reached XP level 4. HP: 22/28 MP: 1/7
  1931 | D:3      | Noticed Ijyb
  1945 | D:3      | Killed Ijyb
  2137 | D:3      | Reached XP level 5. HP: 31/33 MP: 3/8
  2663 | D:3      | Reached skill level 5 in Unarmed Combat
  2672 | D:3      | Reached XP level 6. HP: 37/38 MP: 9/9
  3139 | D:4      | Found Xuicaput's Assorted Antiques.
  3148 | D:4      | Bought a green potion for 18 gold pieces
  3148 | D:4      | Bought a brown potion for 18 gold pieces
  3148 | D:4      | Bought 3 scrolls labeled SYNTO BOEDDER for 60 gold pieces
  3240 | D:4      | Noticed McKennaii's ghost (amateur OpTm)
  3259 | D:4      | Killed McKennaii's ghost
  3957 | D:4      | Reached XP level 7. HP: 32/43 MP: 10/10
  4096 | D:4      | Reached skill level 5 in Stealth
  4207 | D:5      | Entered Level 5 of the Dungeon
  4218 | D:5      | Reached skill level 6 in Unarmed Combat
  5078 | D:5      | Found a staircase to the Ecumenical Temple.
  5843 | D:6      | Reached XP level 8. HP: 43/48 MP: 7/11
  5898 | D:6      | Reached skill level 7 in Unarmed Combat
  6236 | D:6      | Noticed Menkaure
  6252 | D:6      | Killed Menkaure
  6550 | D:6      | Noticed Edmund
  6565 | D:6      | Killed Edmund
  7135 | D:6      | Reached skill level 8 in Unarmed Combat
  7166 | Temple   | Entered the Ecumenical Temple
  7300 | Temple   | Became a worshipper of Cheibriados the Contemplative
  7380 | D:5      | Learned a level 5 spell: Blade Hands
  7875 | D:7      | Reached XP level 9. HP: 44/54 MP: 13/13
  8017 | D:7      | Noticed Gargoyl's ghost (novice MiAK)
  8108 | D:7      | Reached skill level 5 in Transmutations
  8108 | D:7      | Reached skill level 1 in Poison Magic
  8291 | D:7      | Noticed a two-headed ogre
  8389 | D:7      | Noticed a hornet
  8402 | D:7      | Killed a hornet
  8612 | D:7      | Killed a two-headed ogre
  8612 | D:7      | Reached skill level 9 in Unarmed Combat
  8882 | D:8      | Reached * piety under Cheibriados
  8886 | D:8      | Reached XP level 10. HP: 56/60 MP: 14/16
  9176 | D:8      | Reached skill level 10 in Unarmed Combat
  9240 | D:8      | Noticed Erica
  9341 | D:8      | Killed Erica
  9464 | D:8      | Noticed a two-headed ogre
  9513 | D:8      | Killed a two-headed ogre
  9622 | D:8      | Reached ** piety under Cheibriados
  9727 | D:8      | Noticed Joseph
  9737 | D:8      | Killed Joseph
  9737 | D:8      | Reached skill level 11 in Unarmed Combat
 10234 | D:8      | Noticed Prince Ribbit
 10243 | D:8      | Killed Prince Ribbit
 10413 | D:8      | Reached XP level 11. HP: 64/64 MP: 17/17
 10836 | D:9      | Noticed a fire crab
 10837 | D:9      | Mangled by a fire crab (shapeshifter)

Skill      XL: |  1  2  3  4  5  6  7  8  9 10 |
---------------+-------------------------------+-----
Stealth        | 1 2 3 4 6 7 8 9 |  9.8
Unarmed Combat | 4 5 6 8 9 11 | 11.7
Transmutations | 3 4 5 7 |  7.1
Dodging        | 3 4 |  4.6
Spellcasting   | 3 4 |  4.5
Poison Magic   | 2 |  2.4
Fighting       | 2 |  2.2

Action                   |  1- 3 |  4- 6 |  7- 9 | 10-12 || total
-------------------------+-------+-------+-------+-------++-------
Melee: Unarmed           |    92 |   137 |   260 |   259 ||   748
       Constrict         |    23 |    32 |    31 |    27 ||   113
       Tentacles         |     8 |    20 |    24 |    27 ||    79
       Punch             |     3 |     3 |     7 |    16 ||    29
 Cast: Sticks to Snakes  |     1 |     5 |    28 |    19 ||    53
       Spider Form       |     1 |     2 |    10 |     8 ||    21
       Beastly Appendage |       |       |     2 |       ||     2
       Blade Hands       |       |       |       |     2 ||     2
  Use: Scroll            |     4 |     3 |     2 |     3 ||    12
       Potion            |       |       |     7 |     2 ||     9
 Stab: Sleeping          |     7 |    12 |     6 |     6 ||    31
       Distracted        |     2 |       |     3 |     3 ||     8
  Eat: Chunk             |     2 |     4 |    11 |     3 ||    20
       Bread ration      |       |     1 |     2 |       ||     3
       Fruit             |       |     1 |     1 |       ||     2
Armor: Skin              |     8 |     6 |     6 |     6 ||    26
Dodge: Dodged            |    87 |    87 |   221 |   184 ||   579
